 Dungeon Crawl Stone Soup version 0.14.0-17-gc0b17a5 (webtiles) character file.

801991 CrazyArbalest the Demonic Arbalest (level 27, -5/219 (222) HPs)
             Began as a Demonspawn Hunter on Apr 14, 2014.
             Was the Champion of Okawaru.
             Killed by divine providence
             ... invoked by a greater mummy
              (14 damage)
             ... on Level 22 of a ziggurat on Apr 19, 2014.
             The game lasted 1day 09:55:29 (117315 turns).

CrazyArbalest the Demonic Arbalest (DsHu)      Turns: 117315, Time: 1, 09:55:29

HP  -5/219 (222) AC 37     Str 22      XL: 27
MP   0/36        EV 38     Int 14 (16) God: Okawaru [******]
Gold 9357        SH 27     Dex 26      Spells:  0 memorised, 26 levels left

rFire  . . .     SeeInvis .     b - +7,+9 crossbow (velocity)
rCold  + . .     Rnd*Rage +     Z - +6 scale mail "Ykiomaek" {Str+3 Dex+4 Dam+3}
rNeg   . . .     Conserve +     U - +3 buckler {reflect}
rPois  .         rCorr    .     (helmet unavailable)
rElec  .         rRot     .     G - +3 cloak of Flash {+Fly EV+4}
SustAb . .       Spirit   +     B - +3 pair of gauntlets of War {Acc+5 Dam+5}
rMut   .         Warding  .     c - +2 pair of boots {Fly}
Saprov . . .     Stasis   .     t - amulet of conservation
MR     +....                    J - ring of Brip {Str+1 Dex+2 Int+2 Dam+7}
                                D - +0,+6 ring of slaying

@: flying, very slightly contaminated, somewhat resistant to hostile
enchantments, extremely stealthy
A: horns 3, iridescent scales 3, berserk 1, cold resistance 1, conserve potions,
passive freeze, powered by death 3, magic shield, magic regeneration, magic link
a: Heroism, Finesse, Renounce Religion, Stop Flying
}: 4/15 runes: decaying, serpentine, slimy, silver


You were on level 22 of a ziggurat.
You worshipped Okawaru.
Okawaru was exalted by your worship.
You were not hungry.

You visited 13 branches of the dungeon, and saw 66 of its levels.
You visited the Abyss 2 times.
You visited 1 bazaar.
You visited 1 Ziggurat, and saw 22 of its levels.
You also visited: Labyrinth, Trove, Ice Cave and Wizlab.

You collected 14435 gold pieces.
You spent 5078 gold pieces at shops.

Inventory:

Hand weapons
 b - a +7,+9 crossbow of velocity (weapon)
 w - a +5,+8 eveningstar of freezing
Missiles
 d - 29 bolts of flame
 h - 32 bolts of frost
 p - 50 bolts of penetration
 P - 23 silver bolts
 S - 58 steel bolts (quivered)
 W - 29 poisoned bolts
Armour
 c - a +2 pair of boots of flying (worn)
 q - the +4 skin of Zhor {rC+++}
   (You found it on level 10 of a ziggurat)

   It renders you almost immune to cold.
 A - the +2 pair of gloves of True Grit {rElec rC+ Stlth++}
   (You found it on level 9 of a ziggurat)

   It protects you from cold.
   It insulates you from electricity.
   It makes you much more stealthy.
 B - the +3 pair of gauntlets of War (worn) {Acc+5 Dam+5}
   (You found it in a treasure trove)

   It affects your accuracy with ranged weapons and melee attacks (+5).
   It affects your damage with ranged weapons and melee attacks (+5).
 G - the +3 cloak of Flash (worn) {+Fly EV+4}
   (You found it in a wizard's laboratory)

   It affects your evasion (+4).
   It lets you fly.
 U - a +3 buckler of reflection (worn)
 Y - the +5 shield of Resistance {rF+ rC+ MR+}
   (You found it in a treasure trove)

   It protects you from fire.
   It protects you from cold.
   It affects your resistance to hostile enchantments.
 Z - the +6 scale mail "Ykiomaek" (worn) {Str+3 Dex+4 Dam+3}
   (You found it in a treasure trove)

   It affects your strength (+3).
   It affects your dexterity (+4).
   It affects your damage with ranged weapons and melee attacks (+3).
Magical devices
 e - a wand of invisibility (4)
 k - a wand of hasting (8)
 y - a wand of teleportation (9)
 E - a wand of heal wounds (0)
Scrolls
 i - 4 scrolls of blinking
 v - 5 scrolls of identify
 C - 10 scrolls of remove curse
 X - 5 scrolls of teleportation
Jewellery
 a - the ring of Zechuidd {Hunger- Str+3 Dex+2}
   (You found it on level 20 of a ziggurat)

   [ring of sustenance]

   It affects your strength (+3).
   It affects your dexterity (+2).
 g - a ring of the Octopus King {SustAb AC+1 EV+1 Str+1 Dex+1 Int+1}
   (You found it on level 13 of a ziggurat)

   [ring of sustain abilities]

   It affects your AC (+1).
   It affects your evasion (+1).
   It affects your strength (+1).
   It affects your intelligence (+1).
   It affects your dexterity (+1).
 l - an uncursed amulet of stasis
 m - the amulet of Jaereojede {Ward Int-3 Acc+4}
   (You took it off a spriggan defender on level 3 of the Depths)

   [amulet of warding]

   It affects your intelligence (-3).
   It affects your accuracy with ranged weapons and melee attacks (+4).
 s - the ring "Bulu" {Regen rN+ Str+3}
   (You took it off a vampire on level 3 of the Depths)

   [ring of regeneration]

   It affects your strength (+3).
   It protects you from negative energy.
 t - an amulet of conservation (around neck)
 D - a +0,+6 ring of slaying (left hand)
 H - the ring of Xom's Whimsicality {+cTele +Rage MR+ Dex+2}
   (You found it on level 14 of a ziggurat)

   [ring of teleport control]

   It affects your dexterity (+2).
   It affects your resistance to hostile enchantments.
   It lets you go berserk.
 J - the ring of Brip (right hand) {Str+1 Dex+2 Int+2 Dam+7}
   (You found it on level 14 of a ziggurat)

   [ring of slaying]

   It affects your damage with ranged weapons and melee attacks (+7).
   It affects your strength (+1).
   It affects your intelligence (+2).
   It affects your dexterity (+2).
 O - the ring "Waguat" {rF++ rN+}
   (You found it on level 5 of the Crypt)

   [ring of positive energy]

   It greatly protects you from fire.
 T - an uncursed amulet of resist mutation
 V - an uncursed ring of see invisible
Potions
 u - a potion of resistance
 z - a potion of haste
 K - 7 potions of curing
 N - 3 potions of cure mutation
Miscellaneous
 r - a disc of storms
 F - a box of beasts {used: 1}
 I - a box of beasts
 M - a box of beasts
 Q - a legendary deck of dungeons
Rods
 f - a +4 rod of inaccuracy (12/12)
   (You found it on level 15 of a ziggurat)
 n - a +2 rod of destruction (14/14)
   (You found it on level 15 of a ziggurat)
 o - a +6 rod of striking (11/11)
   (You found it on level 20 of a ziggurat)
 R - a +2 rod of ignition (12/12)
   (You found it on level 10 of a ziggurat)


   Skills:
 * Level 19.2 Fighting
   Level 2.7 Short Blades
 + Level 9.1 Maces & Flails
 O Level 27 Crossbows
 + Level 15.9 Armour
 + Level 23.5 Dodging
 + Level 16.2 Stealth
 * Level 23.5 Shields
 + Level 11.1 Invocations
 + Level 4.0 Evocations


You had 26 spell levels left.
You didn't know any spells.

Dungeon Overview and Level Annotations

Branches:
Dungeon (15/15)            Temple (1/1) D:5             Orc (4/4) D:9
    Elf (3/3) Orc:3          Lair (8/8) D:8           Swamp (5/5) Lair:5
  Snake (5/5) Lair:3        Slime (6/6) Lair:6       Vaults (5/5) D:14
  Blade (1/1) Vaults:4      Crypt (5/5) Vaults:2       Tomb (0/3) Crypt:2
    Zot (3/5) Depths:5     Depths (5/5) D:15

Altars:
Ashenzari
Cheibriados
Dithmenos
Elyvilon
Fedhas
Kikubaaqudgha
Makhleb
Nemelex Xobeh
Okawaru
Sif Muna
Trog
Vehumet
Xom
Yredelemnul
Zin
The Shining One
Beogh
Jiyva
Lugonu

Shops:
D:6 *   D:11 *   Orc:1 =   Orc:2 *   Orc:4 [%[((   Elf:1 =*[!   Snake:5 *
Vaults:2 }   Vaults:3 [   Vaults:5 %%%

Portals:
Hell: Depths:1 Depths:2 Depths:3 Depths:4 Depths:5
Abyss: Depths:3 Depths:4 Depths:5
Pandemonium: Depths:3


Innate Abilities, Weirdness & Mutations

You have a pair of large horns on your head.
You are completely covered in iridescent scales (AC +8).
Your flesh is cold resistant.
You are very good at protecting items from cold.
A frigid envelope surrounds you and freezes all who hurt you.
You can steal the life force of all defeated enemies in sight.
When hurt, damage is shared between your health and your magic reserves.
You regenerate magic rapidly.
When low on magic, you restore magic in place of health.
You tend to lose your temper in combat.


Message History

The neqoxec gestures.
The greater mummy casts a spell.
The shadow slips into darkness!
A flying skull comes into view.
Drink which item? (? for menu, Esc to quit)
You feel better. You block the blue devil's attack.
You block the shadow's attack. You block the hellwing's attack.
The hellwing completely misses you.
The flying skull hits you but does no damage.
The flying skull resists.
The flying skull is very cold.
The flying skull is lightly damaged.
The orange demon misses you.
The greater mummy casts a spell.
The vampire completely misses you. x2
The mummy priest hits you!
* * * LOW HITPOINT WARNING * * *
The mummy priest completely resists.
The guardian mummy completely misses you.
The greater mummy points at you and mumbles some strange words.
Something smites you!
You die...

... .............
.M...................
......................
......W....♣...........
....M.M..4....♣.P.........
...M.MzzWMMZ..P............
)...MzMp54zMM♣♣.8.♣♣........
![...zM.3MZVz4.4..P..........
!:?..MMMM43M4@pWPp♣...........
....Z..MMMMWMMV3W5♣...........
...M...MzMM4V3M3Z.MZp.........
▓....M...MM.5MMzMMWp...........
▓..M.M....MM..Mzz.4............
▓▓.MM......M.Mp...z............
▓▓.Z...M.....Z................
▓▓....MM..z..................
▓▓▓.........................


You could see 5 greater mummies, 5 mummy priests, 2 jiangshi, an ice devil, 2
flayed ghosts, a sun demon, 3 orange demons, a phantasmal warrior, a hellwing,
19 guardian mummies, 3 flaming corpses, a freezing wraith, a spectral storm
dragon, a spectral elf, a smoke demon, 4 blue devils, a hungry ghost, 2
neqoxecs, a vampire, 2 wraiths, 3 shadows, 3 flying skulls, 11 mummies, an iron
imp, 2 crimson imps, a golden dragon simulacrum, a titan simulacrum, a glowing
shapeshifter simulacrum, an elf zombie, a tengu zombie, 2 storm dragon
skeletons, a golden dragon skeleton, 2 elf skeletons and a spriggan skeleton.

Vanquished Creatures
  the royal jelly (Slime:6)
  An orb of fire (Zot:3)
  5 ancient liches
  Saint Roka (Vaults:1)
  Margery (Crypt:3)
  3 Killer Klowns (Zot:3)
  Mennas (Vaults:5)
  8 golden dragons
  5 Brimstone Fiends
  Xtahua (Depths:4)
  8 bone dragons
  Nikola (Elf:2)
  11 tentacled monstrosities
  Asterion (Swamp:3)
  2 Ice Fiends (Zig:20)
  9 titans
  A quicksilver dragon (Depths:4)
  13 deep elf blademasters
  10 liches
  8 deep elf master archers
  A Shadow Fiend (Zig:20)
  26 acid blobs
  The ghost of Dirian the Bludgeoner, a mighty GrBe of Trog (Depths:4)
  6 sphinxes
  A pandemonium lord (Zig:20)
  4 storm dragons
  An eldritch tentacle (WizLab)
  2 Executioners
  Agnes (Swamp:3)
  A tentacled starspawn (Abyss:1)
  10 shadow dragons
  6 thorn hunters
  4 ancient champions
  Kirke (Snake:1)
  2 revenants (Crypt:5)
  9 fire giants
  10 greater nagas
  8 draconian monks
  17 azure jellies
  14 tengu reavers
  6 ghouls
  4 chaos champions (Zig:20)
  13 frost giants
  10 deep elf sorcerers
  5 orc warlords
  Wiglaf (Snake:4)
  7 draconian scorchers
  Maud (Lair:6)
  An iron dragon (Vaults:5)
  3 black suns (Zig:20)
  19 vault wardens
  5 draconian zealots
  5 balrugs
  5 octopode crushers
  8 draconian knights
  9 emperor scorpions
  8 reapers
  6 spriggan defenders
  6 draconian shifters
  A cacodemon (Zig:20)
  Jorgrun (Vaults:4)
  A warmonger (Zig:20)
  A draconian annihilator (Zot:3)
  2 blood saints (Zig:20)
  6 war gargoyles
  30 stone giants
  6 rakshasas
  24 deep elf demonologists
  4 green draconians
  3 draconian callers
  3 lorocyprocas (Zig:20)
  3 red draconians
  5 grey draconians
  2 curse skulls
  The ghost of Tolias the Hoplite, a powerful OpNe of Ashenzari (Orc:4)
  2 black draconians
  3 purple draconians
  5 mottled draconians
  21 deep elf annihilators
  An unborn (Crypt:4)
  4 white draconians
  7 dire elephants
  5 pale draconians
  5 yellow draconians
  6 eidola
  13 deep elf death magi
  6 vampire knights
  47 vault guards
  12 merfolk javelineers
  16 ettins
  10 death oozes (Slime:6)
  4 crystal guardians
  A quicksilver dragon zombie (Zig:15)
  3 merfolk impalers (Zig:13)
  4 blizzard demons
  3 green deaths (Zig:20)
  Josephine (D:13)
  16 deep elf high priests
  34 yaktaur captains
  15 fire dragons
  20 ironheart preservers
  16 ice dragons
  7 jiangshi
  9 minotaurs
  9 great orbs of eyes
  4 death cobs
  16 naga warriors
  5 spriggan air magi
  Harold (Lair:1)
  A quicksilver dragon skeleton (Zig:15)
  3 ravenous feature mimics
  3 shambling mangroves (Zig:19)
  4 merfolk aquamancers
  Erica (Orc:2)
  15 deep troll shamans
  11 deep troll earth magi
  26 dancing weapons
  13 anacondas
  29 hydras
  3 spriggan assassins (Zig:19)
  2 spriggan enchanters (Zig:19)
  5 large abominations
  2 tengu warriors
  6 deep dwarf death knights
  4 vampire magi
  19 ogre magi
  10 alligators
  27 death yaks
  7 satyrs
  2 titan zombies
  5 spectral elves
  12 shock serpents
  A shock serpent (shapeshifter) (Elf:3)
  8 orc high priests
  2 plague shamblers
  12 spriggan berserkers
  12 centaur warriors
  26 naga sharpshooters
  15 hell knights
  8 shadow wraiths
  3 storm dragon zombies
  26 very ugly things
  42 deep elf knights
  59 skeletal warriors
  4 thrashing horrors
  A titan skeleton (Vaults:5)
  2 fire crabs
  15 iron trolls
  5 soul eaters
  A wretched star (Abyss:1)
  10 ice devils
  A sun demon (Zig:20)
  5 unseen horrors
  3 storm dragon skeletons
  4 anaconda zombies
  An orb spider (shapeshifter) (Depths:1)
  A torturous demonspawn (Zig:20)
  A spriggan druid (Swamp:5)
  10 swamp dragons
  6 water nymphs
  3 giant orange brains
  6 hill giants
  A gelid demonspawn (Depths:3)
  18 necromancers
  6 naga ritualists
  3 shadow dragon zombies
  An ice statue (IceCv)
  3 wizards
  A hill giant (shapeshifter) (Depths:5)
  16 ironbrand convokers
  A lindwurm (Zot:2)
  3 putrid demonspawn (Zig:20)
  Pikel (D:9)
  17 orc knights
  10 flayed ghosts
  15 sea snakes
  A tengu zombie (Zig:12)
  10 cyclopes
  14 deep elf summoners
  Joseph (D:10)
  7 harpies
  21 deep elf conjurers
  42 deep trolls
  A shining eye (shapeshifter) (Depths:3)
  7 wolf spiders
  3 iron dragon zombies
  5 flaming corpses
  16 orc sorcerers
  A draconian (shapeshifter) (Vaults:3)
  3 griffons
  3 shadow dragon skeletons
  6 manticores
  2 fire giant zombies
  A stone giant zombie (Vaults:5)
  2 worldbinders (Abyss:1)
  2 frost giant zombies
  5 hellions
  A salamander (shapeshifter) (Vaults:1)
  11 oklob plants
  5 sixfirhies
  8 salamanders
  A moth of wrath (shapeshifter) (Vaults:5)
  14 shining eyes
  9 red wasps
  18 phantasmal warriors
  A sphinx skeleton (Zig:15)
  11 mana vipers
  3 fauns
  11 guardian serpents
  An iron dragon skeleton (Zig:15)
  5 fire giant skeletons
  15 vault sentinels
  51 black mambas
  3 mermaids
  11 elephants
  18 moths of wrath
  5 frost giant skeletons
  3 smoke demons
  3 eyes of devastation
  A gargoyle (D:12)
  A spriggan zombie (Zig:11)
  2 tormentors
  3 orange demons
  22 spiny frogs
  An octopode (shapeshifter) (Vaults:4)
  An elephant slug zombie (Crypt:1)
  Psyche (Orc:1)
  A death yak zombie (Crypt:2)
  A pale draconian zombie (Zot:3)
  20 naga magi
  A kobold demonologist (Depths:3)
  A spiny frog (shapeshifter) (Vaults:2)
  An elf (shapeshifter) (Vaults:3)
  A mottled draconian zombie (Zot:3)
  An alligator snapping turtle skeleton (Crypt:2)
  An item mimic (Orc:4)
  A yellow draconian zombie (Zot:3)
  A vapour (Swamp:3)
  A dire elephant skeleton (Crypt:3)
  3 spectral humans (Crypt:5)
  5 tengu conjurers
  3 red devils
  3 fire drakes
  99 yaktaurs
  3 dryads (Zig:19)
  A troll (shapeshifter) (Vaults:3)
  4 hellwings
  2 silent spectres (Crypt:4)
  3 yaktaur skeletons
  2 iron devils
  20 two-headed ogres
  2 guardian mummies
  A wandering mushroom (Lab)
  2 hydra zombies
  2 efreet
  28 giant fireflies
  A polar bear (Lair:6)
  27 blink frogs
  16 deep elf priests
  A harpy zombie (Crypt:5)
  7 komodo dragons
  5 giant leeches
  A siren zombie (Crypt:1)
  2 baby alligators (shapeshifter)
  A queen bee (D:12)
  A blink frog (shapeshifter) (Vaults:1)
  8 trolls
  A wind drake (shapeshifter) (D:15)
  A catoblepas zombie (Crypt:5)
  3 raiju (Abyss:1)
  A moth of wrath zombie (Zig:7)
  2 boggarts
  2 jumping spiders
  6 merfolk
  5 boulder beetles
  An alligator zombie (Crypt:3)
  107 slime creatures
  5 snapping turtles
  2 baby alligators (Swamp:3)
  A hydra skeleton (Crypt:3)
  19 ravens
  A stone giant simulacrum (Crypt:1)
  2 grizzly bears (Lair:1)
  27 freezing wraiths
  A minotaur skeleton (Lab)
  A fire dragon zombie (Crypt:3)
  An ettin zombie (Crypt:3)
  A raiju (shapeshifter) (Vaults:1)
  2 thorn lotuses (Swamp:4)
  6 bog bodies
  34 brown oozes
  A formicid (shapeshifter) (Depths:1)
  8 basilisks
  5 trapdoor spiders
  21 wraiths
  An alligator skeleton (Crypt:5)
  A fire bat (Abyss:1)
  8 redbacks
  2 air elementals (Depths:2)
  2 hill giant zombies
  36 flying skulls
  A redback (shapeshifter) (Zig:14)
  47 deep elf magi
  6 elf zombies
  2 ynoxinuls (Zig:20)
  12 vampires
  15 water elementals
  An elephant slug (Lair:8)
  18 spriggans
  A spriggan simulacrum (Depths:2)
  A yak (shapeshifter) (Vaults:4)
  Eustachio (D:6)
  2 fire dragon skeletons
  A queen ant zombie (Crypt:4)
  5 wyverns
  8 hungry ghosts
  5 shadows
  A death yak simulacrum (IceCv)
  2 hippogriffs (shapeshifter)
  15 vampire mosquitoes
  47 yaks
  43 deep elf fighters
  2 hell beasts
  2 golden eyes (shapeshifter)
  A hill giant skeleton (Crypt:3)
  2 sharks
  84 ugly things
  19 golden eyes
  4 steam dragons (Lair:8)
  10 wargs
  A deep troll zombie (Depths:1)
  A gelid demonspawn zombie (Crypt:2)
  20 wolves
  4 neqoxecs
  A mottled dragon (Vaults:1)
  Edmund (D:6)
  11 hippogriffs
  49 water moccasins
  A merfolk zombie (Crypt:3)
  6 porcupines
  A hell hound (Zig:15)
  25 swamp worms
  71 nagas
  3 spatial vortices (WizLab)
  An orange crystal statue (Zig:11)
  An orb spider zombie (Crypt:4)
  4 necrophages
  A faun skeleton (Crypt:4)
  6 small abominations
  21 swamp drakes
  A gelid demonspawn skeleton (WizLab)
  A snapping turtle zombie (Crypt:3)
  13 ice beasts
  7 giant goldfish
  2 yellow wasps (Zig:19)
  22 centaurs
  5 spiders (Lair:8)
  3 sky beasts
  A swamp dragon zombie (Crypt:5)
  A boring beetle (Lair:8)
  4 human simulacra
  A fire dragon simulacrum (Crypt:1)
  45 ogres
  9 phantoms
  A hill giant simulacrum (D:13)
  26 crocodiles
  A mermaid skeleton (Crypt:3)
  Duvessa (D:7)
  An octopode zombie (Crypt:1)
  3 draconian zombies
  2 snapping turtle skeletons
  7 giant slugs
  An ugly thing zombie (Depths:1)
  2 big kobolds (Depths:3)
  2 brain worms (Abyss:1)
  8 lost souls
  A gnoll sergeant (D:9)
  2 hog skeletons
  A silver statue (WizLab)
  7 human skeletons
  2 earth elementals
  6 insubstantial wisps
  2 warg zombies
  A cyclops skeleton (D:13)
  2 swamp dragon simulacra
  7 scorpions
  2 troll zombies
  An eye of draining (Slime:6)
  2 tengu skeletons
  2 elephant simulacra (IceCv)
  A troll skeleton (Lab)
  43 killer bees
  A spriggan skeleton (Lab)
  6 wights
  11 crimson imps
  2 electric eels
  A yak skeleton (D:9)
  2 hippogriff skeletons
  Dowan (D:7)
  A giant frog zombie (D:8)
  5 draconian simulacra (IceCv)
  3 goliath beetles
  A pulsating lump (Slime:4)
  4 quasits
  A basilisk zombie (Crypt:3)
  A centaur zombie (Depths:1)
  11 human zombies
  15 hounds
  A centaur skeleton (Lab)
  A giant frog skeleton (D:13)
  30 orc priests
  24 giant frogs
  10 big fish
  46 orc wizards
  18 worker ants
  27 jellies
  Natasha (thrice) (D:6)
  6 elf skeletons
  13 iguanas
  9 iron imps
  2 orange rats
  4 troll simulacra (IceCv)
  8 sheep
  A killer bee zombie (D:9)
  A naga zombie (Crypt:5)
  8 ogre zombies
  Ijyb (D:4)
  A sky beast zombie (D:9)
  A demigod skeleton (Crypt:1)
  An ogre skeleton (Lab)
  3 centaur simulacra
  15 mummies
  A hound skeleton (D:6)
  A scorpion zombie (Crypt:1)
  7 gnolls
  2 naga simulacra (IceCv)
  7 ogre simulacra (IceCv)
  A worm zombie (Crypt:1)
  45 adders
  60 green rats
  6 orc skeletons
  3 shadow imps
  22 white imps
  8 worms
  5 ufetubi
  An adder zombie (D:8)
  2 lava snake skeletons
  17 giant eyeballs
  46 orc warriors
  6 oozes
  231 orcs
  4 ball pythons
  25 bats
  A bat skeleton (D:5)
  4 giant cockroaches
  19 hobgoblins
  6 giant geckos
  A giant gecko zombie (Crypt:2)
  3 giant newts
  4 giant spores
  A gnoll zombie (Crypt:2)
  21 goblins
  A goblin skeleton (D:5)
  4 goblin zombies (D:9)
  A hobgoblin skeleton (D:9)
  4 hobgoblin zombies
  20 jackals
  A jackal skeleton (Crypt:4)
  14 kobolds
  A kobold skeleton (D:6)
  A lurking horror (WizLab)
  35 orc zombies
  9 quokkas
  24 rats
  6 ballistomycetes
  A bush (Lair:2)
  A butterfly (Lab)
  8 crawling corpses
  An eldritch tentacle segment (WizLab)
  7 fungi
  15 plants
4208 creatures vanquished.

Vanquished Creatures (others)
  An eldritch tentacle (WizLab)
  A fire giant (Vaults:5)
  A death yak (Depths:4)
  A skeletal warrior (Crypt:3)
  A yaktaur (Depths:2)
  A fire drake (Swamp:5)
  A human (Snake:2)
  2 golden eyes (Abyss:1)
  An elf skeleton (Vaults:5)
  6 lost souls
  2 orc wizards
  2 ufetubi (Depths:3)
  A ball python (Snake:4)
  A goblin zombie (D:9)
  1051 eldritch tentacle segments (WizLab)
  6 fungi
  9 plants
  6 starspawn tentacles (Abyss:1)
  19 starspawn tentacle segments (Abyss:1)
1113 creatures vanquished.

Grand Total: 5321 creatures vanquished

Notes
Turn   | Place    | Note
--------------------------------------------------------------
     0 | D:1      | CrazyArbalest, the Demonspawn Hunter, began the quest for the Orb.
     0 | D:1      | Reached XP level 1. HP: 15/15 MP: 1/1
    98 | D:1      | Gained mutation: You are partially covered in iridescent scales (AC +4). [demonic ancestry]
    98 | D:1      | Reached XP level 2. HP: 21/21 MP: 2/2
   211 | D:1      | Reached skill level 4 in Crossbows
   787 | D:2      | Gained mutation: You can steal the life force of nearby defeated enemies. [demonic ancestry]
   787 | D:2      | Reached XP level 3. HP: 26/26 MP: 3/3
   805 | D:2      | Reached XP level 4. HP: 32/32 MP: 4/4
  1068 | D:2      | Reached skill level 5 in Crossbows
  1453 | D:2      | Reached skill level 1 in Stealth
  1962 | D:3      | Found a shimmering altar of Xom.
  2272 | D:3      | Reached skill level 1 in Armour
  2349 | D:3      | Reached XP level 5. HP: 37/37 MP: 5/5
  2649 | D:4      | Found a deep blue altar of Sif Muna.
  2701 | D:4      | Reached skill level 1 in Short Blades
  2839 | D:4      | Noticed a phantom
  2850 | D:4      | Killed a phantom
  2850 | D:4      | Gained mutation: You can steal the life force of defeated enemies. [demonic ancestry]
  2850 | D:4      | Reached XP level 6. HP: 43/43 MP: 6/6
  2877 | D:4      | Reached skill level 6 in Crossbows
  3044 | D:4      | Noticed Ijyb
  3050 | D:4      | Killed Ijyb
  3122 | D:4      | Gained mutation: When hurt, damage is shared between your health and your magic reserves. [demonic ancestry]
  3122 | D:4      | Reached XP level 7. HP: 46/48 MP: 7/7
  3383 | D:5      | Entered Level 5 of the Dungeon
  3570 | D:5      | Paralysed by a giant eyeball for 2 turns
  3580 | D:5      | Paralysed by a giant eyeball for 2 turns
  3605 | D:5      | Found a staircase to the Ecumenical Temple.
  3615 | Temple   | Entered the Ecumenical Temple
  3823 | Temple   | Became a worshipper of Warmaster Okawaru
  3955 | D:5      | Found a glowing golden altar of the Shining One.
  3956 | D:5      | Noticed an angel
  3964 | D:5      | Found a basalt altar of Yredelemnul.
  3965 | D:5      | Noticed a profane servitor
  4488 | D:5      | Reached skill level 7 in Crossbows
  4771 | D:6      | Noticed Natasha
  4776 | D:6      | Killed Natasha
  4803 | D:6      | Noticed Edmund
  4820 | D:6      | Acquired Okawaru's first power
  4820 | D:6      | Reached XP level 8. HP: 56/56 MP: 8/8
  4881 | D:6      | Noticed Eustachio
  4892 | D:6      | Killed Eustachio
  5024 | D:6      | Noticed Natasha
  5029 | D:6      | Killed Natasha
  5350 | D:6      | Found Croshuis' General Store.
  5413 | D:6      | Reached skill level 8 in Crossbows
  5477 | D:6      | Reached skill level 5 in Dodging
  5491 | D:6      | Bought a scroll of identify for 26 gold pieces
  5491 | D:6      | Bought a scroll of identify for 26 gold pieces
  5491 | D:6      | Bought a scroll of identify for 26 gold pieces
  5491 | D:6      | Bought 20 bolts for 52 gold pieces
  5587 | D:6      | Noticed Natasha
  5592 | D:6      | Killed Natasha
  5619 | D:6      | Killed Edmund
  5619 | D:6      | Reached skill level 1 in Invocations
  5963 | D:6      | Reached skill level 1 in Maces & Flails
  6009 | D:6      | Reached XP level 9. HP: 35/61 MP: 6/10
  6659 | D:7      | Noticed Duvessa
  6660 | D:7      | Noticed Dowan
  6671 | D:7      | Killed Duvessa
  6676 | D:7      | Killed Dowan
  6751 | D:7      | Reached skill level 5 in Maces & Flails
  7419 | D:8      | Got a smelly scale mail
  7447 | D:7      | Identified the +3 scale mail of Fauvvonou {Dex+1 Int+3 Curse} (You found it on level 8 of the Dungeon)
  7532 | D:8      | Found a staircase to the Lair.
  8036 | D:9      | Reached skill level 9 in Crossbows
  8097 | D:9      | Gained mutation: You can steal the life force of all defeated enemies in sight. [demonic ancestry]
  8097 | D:9      | Reached XP level 10. HP: 64/69 MP: 12/12
  8808 | D:9      | Found a staircase to the Orcish Mines.
  8992 | D:9      | Found a deep blue altar of Sif Muna.
  9329 | D:9      | Noticed Pikel
  9340 | D:9      | Killed Pikel
  9731 | D:10     | Entered Level 10 of the Dungeon
 10082 | D:10     | Identified a +1 cloak of preservation (You found it on level 10 of the Dungeon)
 10304 | D:10     | Noticed Joseph
 10586 | Orc:1    | Entered Level 1 of the Orcish Mines
 10653 | Orc:1    | Received a gift from Okawaru
 10653 | Orc:1    | Reached skill level 10 in Crossbows
 10876 | Orc:1    | Gained mutation: You have a pair of small horns on your head. [demonic ancestry]
 10876 | Orc:1    | Reached XP level 11. HP: 77/77 MP: 11/13
 11091 | Orc:2    | Found Gizooss' General Store.
 11158 | Orc:2    | Received a gift from Okawaru
 11220 | Orc:2    | Noticed Erica
 11231 | Orc:2    | Killed Erica
 11257 | Orc:2    | Bought a scroll of acquirement for 676 gold pieces
 11258 | Orc:2    | Bought a scroll of identify for 26 gold pieces
 11299 | Orc:1    | Found Sheut's Jewellery Shoppe.
 11514 | Orc:1    | Noticed Psyche
 11523 | Orc:1    | Killed Psyche
 11580 | Orc:2    | Bought a scroll of identify for 26 gold pieces
 11771 | Lair:1   | Entered Level 1 of the Lair of Beasts
 11908 | Lair:1   | Acquired Okawaru's second power
 12093 | Lair:1   | Noticed a seven-headed hydra
 12104 | Lair:1   | Killed a seven-headed hydra
 12137 | Lair:1   | Received a gift from Okawaru
 12399 | Lair:1   | Reached skill level 11 in Crossbows
 12478 | Lair:1   | Reached skill level 5 in Armour
 12505 | Lair:1   | Received a gift from Okawaru
 12679 | Lair:1   | Noticed a seven-headed hydra
 12724 | Lair:1   | Noticed Harold
 13297 | Lair:1   | Killed a seven-headed hydra
 13509 | Lair:1   | Killed Harold
 13774 | Lair:2   | Gained mutation: You have a pair of horns on your head. [demonic ancestry]
 13774 | Lair:2   | Reached XP level 12. HP: 71/84 MP: 13/18
 14268 | Lair:2   | Reached skill level 5 in Fighting
 15220 | Lair:3   | Found a frozen archway.
 15244 | Lair:3   | Reached skill level 1 in Evocations
 15262 | Lair:3   | Got a faintly humming leather armour
 15416 | Lair:3   | Identified the cursed -2 leather armour "Heh Myeqo" {Dex+3 Int-5} (You found it on level 3 of the Lair of Beasts)
 15460 | Lair:3   | Reached skill level 12 in Crossbows
 15551 | Lair:3   | Found a staircase to the Snake Pit.
 15707 | Lair:3   | Received a gift from Okawaru
 15838 | IceCv    | Entered an ice cave
 16200 | IceCv    | Received a gift from Okawaru
 16579 | IceCv    | Found an ancient bone altar of Kikubaaqudgha.
 17172 | Lair:3   | Reached skill level 13 in Crossbows
 17674 | Lair:4   | Received a gift from Okawaru
 17675 | Lair:4   | Got a crystal quarterstaff {god gift}
 17929 | Lair:4   | Reached skill level 5 in Invocations
 17985 | Lair:4   | Gained mutation: Your flesh is cold resistant. [demonic ancestry]
 17985 | Lair:4   | Reached XP level 13. HP: 91/91 MP: 21/21
 18019 | Lair:4   | Reached skill level 10 in Dodging
 19634 | Lair:5   | Found a staircase to the Swamp.
 19820 | Lair:6   | Noticed an eight-headed hydra
 19838 | Lair:6   | Killed an eight-headed hydra
 19919 | Lair:6   | Received a gift from Okawaru
 19975 | Lair:6   | Found a staircase to the Slime Pits.
 20427 | Lair:6   | Received a gift from Okawaru
 20519 | Lair:6   | Reached skill level 14 in Crossbows
 20576 | Lair:6   | Noticed Maud
 20606 | Lair:6   | Killed Maud
 22679 | Lair:8   | Entered Level 8 of the Lair of Beasts
 22705 | Lair:8   | Reached XP level 14. HP: 71/98 MP: 15/22
 22723 | Lair:8   | Reached skill level 15 in Crossbows
 23079 | Lair:8   | Received a gift from Okawaru
 23930 | Lair:8   | Received a gift from Okawaru
 24728 | Lair:8   | Reached skill level 16 in Crossbows
 24872 | Lair:8   | Received a gift from Okawaru
 24992 | Lair:8   | Received a gift from Okawaru
 24993 | Lair:8   | Got an encrusted crossbow {god gift}
 24994 | Lair:8   | Identified the +7,+9 crossbow of Untruth {penet, Contam rF++ rN+ Dex+3} (Okawaru gifted it to you on level 8 of the Lair of Beasts)
 26127 | Orc:3    | Found a staircase to the Elven Halls.
 26840 | Orc:3    | Found a roughly hewn altar of Beogh.
 27364 | Orc:4    | Entered Level 4 of the Orcish Mines
 27423 | Orc:4    | Noticed Tolias' ghost (powerful OpNe)
 27430 | Orc:4    | Killed Tolias' ghost
 27430 | Orc:4    | Received a gift from Okawaru
 27550 | Orc:4    | Found Kurismeg's Armour Boutique.
 28119 | Orc:4    | Reached skill level 17 in Crossbows
 28128 | Orc:4    | Reached XP level 15. HP: 91/103 MP: 21/24
 28137 | Orc:4    | Received a gift from Okawaru
 28139 | Orc:4    | Found Binec's Antique Armour Shoppe.
 28174 | Orc:4    | Found Xom Uxex's Antique Weapon Shop.
 28184 | Orc:4    | Found Starac's Antique Weapon Shop.
 28191 | Orc:4    | Found Saefugot's Food Shoppe.
 28351 | Orc:4    | Bought a pair of runed gloves for 135 gold pieces
 28450 | Orc:1    | Bought a +0,+6 ring of slaying for 1560 gold pieces
 28883 | D:10     | Killed Joseph
 29439 | D:11     | Found Lirghif's General Store.
 29462 | D:11     | Bought a scroll of identify for 20 gold pieces
 29462 | D:11     | Bought a potion of curing for 20 gold pieces
 29462 | D:11     | Bought a scroll of magic mapping for 35 gold pieces
 29462 | D:11     | Bought a scroll of identify for 20 gold pieces
 30376 | D:12     | Found an ancient bone altar of Kikubaaqudgha.
 31089 | D:13     | Noticed Josephine
 31094 | D:13     | Killed Josephine
 31204 | D:13     | Received a gift from Okawaru
 31206 | D:13     | Reached skill level 18 in Crossbows
 31327 | D:13     | Received a gift from Okawaru
 31639 | D:13     | Received a gift from Okawaru
 31796 | D:13     | Got a slimy plate armour {god gift}
 32380 | D:14     | Found a gate to the Vaults.
 32818 | D:14     | Reached skill level 5 in Stealth
 33275 | D:15     | Entered Level 15 of the Dungeon
 33405 | D:15     | Found a labyrinth entrance.
 33417 | Lab      | Entered a labyrinth
 33544 | Lab      | Reached skill level 19 in Crossbows
 33544 | Lab      | Reached XP level 16. HP: 96/110 MP: 21/25
 33959 | Lab      | Found an exit through the horrors of the Abyss.
 34235 | Lab      | Found an exit through the horrors of the Abyss.
 34751 | Lab      | Got an ancient hand axe
 35207 | D:15     | Found a blossoming altar of Fedhas.
 35496 | D:15     | Found a staircase to the Depths.
 35503 | D:15     | Received a gift from Okawaru
 35947 | Snake:1  | Entered Level 1 of the Snake Pit
 36029 | Snake:1  | Received a gift from Okawaru
 36174 | Snake:1  | Noticed Kirke
 36182 | Snake:1  | Killed Kirke
 36185 | Snake:1  | Received a gift from Okawaru
 37211 | Snake:2  | Received a gift from Okawaru
 37284 | Snake:2  | Reached skill level 20 in Crossbows
 39061 | Snake:4  | Noticed Wiglaf
 39073 | Snake:4  | Received a gift from Okawaru
 39081 | Snake:4  | Got a dazzling crossbow {god gift}
 39234 | Snake:4  | Killed Wiglaf
 39234 | Snake:4  | Gained mutation: You have a pair of large horns on your head. [demonic ancestry]
 39234 | Snake:4  | Reached XP level 17. HP: 59/115 MP: 6/26
 39869 | Snake:5  | Entered Level 5 of the Snake Pit
 39930 | Snake:5  | Received a gift from Okawaru
 40062 | Snake:5  | Reached skill level 21 in Crossbows
 40582 | Snake:5  | Found Caab's Assorted Antiques.
 40761 | Snake:5  | Bought a potion of curing for 48 gold pieces
 40761 | Snake:5  | Bought a potion of curing for 48 gold pieces
 40761 | Snake:5  | Bought a scroll of enchant weapon I for 84 gold pieces
 40761 | Snake:5  | Bought a bubbling silvery potion for 21 gold pieces
 41133 | Snake:5  | Received a gift from Okawaru
 41261 | Snake:5  | Received a gift from Okawaru
 41393 | Snake:5  | Received a gift from Okawaru
 41396 | Snake:5  | Got a pair of polished boots {god gift}
 41399 | Snake:5  | Identified the -5 pair of boots "Ilanir Hogh" {MR+} (Okawaru gifted it to you on level 5 of the Snake Pit)
 41546 | Snake:5  | Reached skill level 22 in Crossbows
 41553 | Snake:5  | Gained mutation: You regenerate magic rapidly. [demonic ancestry]
 41553 | Snake:5  | Reached XP level 18. HP: 119/121 MP: 24/27
 41615 | Snake:5  | Got a serpentine rune of Zot
 42229 | Lair:2   | Gained mutation: You can translocate small distances at will. [potion of beneficial mutation]
 42448 | Swamp:1  | Entered Level 1 of the Swamp
 44010 | Swamp:2  | Received a gift from Okawaru
 44011 | Swamp:2  | Got a transparent dagger {god gift}
 44419 | Swamp:3  | Noticed Asterion
 44426 | Swamp:3  | Killed Asterion
 44697 | Swamp:3  | Noticed Agnes
 44705 | Swamp:3  | Killed Agnes
 45955 | Swamp:4  | Reached skill level 23 in Crossbows
 46476 | Swamp:4  | Received a gift from Okawaru
 47162 | Swamp:5  | Entered Level 5 of the Swamp
 47544 | Swamp:5  | Received a gift from Okawaru
 47739 | Swamp:5  | Received a gift from Okawaru
 47767 | Swamp:5  | Gained mutation: You are mostly covered in iridescent scales (AC +6). [demonic ancestry]
 47767 | Swamp:5  | Reached XP level 19. HP: 127/127 MP: 27/27
 47977 | Swamp:5  | Got a decaying rune of Zot
 48693 | Vaults:1 | Entered Level 1 of the Vaults
 48697 | Vaults:1 | Noticed Saint Roka
 48726 | Vaults:1 | Killed Saint Roka
 48853 | Vaults:1 | Received a gift from Okawaru
 48919 | Vaults:1 | Reached skill level 10 in Stealth
 50227 | Vaults:1 | Gained mutation: Your muscles are strong. (Str +2) [potion of beneficial mutation]
 51226 | Vaults:2 | Reached skill level 24 in Crossbows
 51232 | Vaults:2 | Found a staircase to the Crypt.
 51995 | Vaults:2 | Received a gift from Okawaru
 52192 | Vaults:2 | Found Pniageto's Gadget Emporium.
 52336 | Vaults:2 | Received a gift from Okawaru
 52354 | Vaults:2 | Received a gift from Okawaru
 52640 | Vaults:3 | Received a gift from Okawaru
 52640 | Vaults:3 | Reached XP level 20. HP: 133/133 MP: 28/28
 52641 | Vaults:3 | Got a sapphire crossbow {god gift}
 52755 | Vaults:3 | Cast into the Abyss (wizard)
 52790 | Abyss:1  | Found a corrupted altar of Lugonu.
 52839 | Vaults:3 | Escaped the Abyss
 53420 | Vaults:3 | Received a gift from Okawaru
 53944 | Vaults:3 | Found Twiratidde's Armour Shoppe.
 55666 | Vaults:4 | Received a gift from Okawaru
 55667 | Vaults:4 | Got a twisted cloak {god gift}
 55672 | Vaults:4 | Identified the +1 cloak "Ligem" {Str+5 Dex-3} (Okawaru gifted it to you on level 4 of the Vaults)
 55730 | Vaults:4 | Found a staircase to the Hall of Blades.
 55740 | Vaults:4 | Reached skill level 25 in Crossbows
 55770 | Blade    | Entered the Hall of Blades
 57022 | Vaults:4 | Found a portal to a secret trove of treasure.
 58378 | Elf:1    | Entered Level 1 of the Elven Halls
 58461 | Elf:1    | Found Kimniur's Jewellery Shop.
 58602 | Elf:1    | Reached XP level 21. HP: 139/139 MP: 29/29
 58609 | Elf:1    | Found Judadekkenn's Antique Armour Emporium.
 59206 | Elf:1    | Found Ytefel's Distillery.
 59314 | Elf:1    | Found Tetoi's General Store.
 59362 | Elf:1    | Identified the Incunabulum of the Glacier
 59417 | Elf:1    | Bought a potion of curing for 28 gold pieces
 59417 | Elf:1    | Bought a potion of heal wounds for 42 gold pieces
 59417 | Elf:1    | Bought a potion of curing for 28 gold pieces
 59417 | Elf:1    | Bought a potion of heal wounds for 42 gold pieces
 59611 | Elf:2    | Noticed Nikola
 59627 | Elf:2    | Killed Nikola
 60196 | Elf:3    | Entered Level 3 of the Elven Halls
 60547 | Elf:3    | Received a gift from Okawaru
 60771 | Elf:3    | Received a gift from Okawaru
 60772 | Elf:3    | Cast into the Abyss (deep elf demonologist)
 61361 | Abyss:1  | Found a corrupted altar of Lugonu.
 61534 | Abyss:1  | Found a sparkling altar of Nemelex Xobeh.
 62032 | Elf:3    | Escaped the Abyss
 62109 | Elf:3    | Reached skill level 26 in Crossbows
 62466 | Elf:3    | Got a polished flail
 63192 | Elf:3    | Got a brightly glowing chain mail {god gift}
 63215 | Elf:3    | Got a slimy ring mail
 63277 | Elf:3    | Identified the Almanac of Boosting Lightness (You found it on level 3 of the Elven Halls)
 63385 | Elf:3    | Identified the +5 ring mail of the Butterfly {rN+} (You found it on level 3 of the Elven Halls)
 63412 | Elf:3    | Identified the +2 chain mail of Generosity {rC+ MR+} (Okawaru gifted it to you on level 3 of the Elven Halls)
 63436 | Elf:3    | Identified Olgreb's Reference Book on Toxins (You found it on level 3 of the Elven Halls)
 65552 | Vaults:5 | Entered Level 5 of the Vaults
 65687 | Vaults:4 | Received a gift from Okawaru
 65868 | Vaults:4 | Gained mutation: You are very good at protecting items from cold. [demonic ancestry]
 65868 | Vaults:4 | Reached XP level 22. HP: 101/145 MP: 25/30
 67594 | Vaults:5 | Received a gift from Okawaru
 68133 | Vaults:5 | Paralysed by a sphinx for 2 turns
 68469 | Vaults:5 | Paralysed by a sphinx for 5 turns
 68638 | Vaults:4 | Reached skill level 27 in Crossbows
 68692 | Vaults:5 | Noticed Jorgrun
 68709 | Vaults:4 | Received a gift from Okawaru
 68710 | Vaults:4 | Got a wizard robe {god gift}
 68774 | Vaults:4 | Killed Jorgrun
 68818 | Vaults:5 | Reached skill level 15 in Dodging
 68955 | Vaults:5 | Found Blaev's Food Shoppe.
 68955 | Vaults:5 | Found Schucat's Food Boutique.
 68973 | Vaults:5 | Found Shrotap's Food Emporium.
 69312 | Vaults:5 | Noticed an ancient lich
 69334 | Vaults:5 | Killed an ancient lich
 69470 | Vaults:5 | Reached XP level 23. HP: 150/150 MP: 32/32
 69599 | Vaults:5 | Got a silver rune of Zot
 69919 | Vaults:5 | Noticed an ancient lich
 69939 | Vaults:5 | Killed an ancient lich
 69939 | Vaults:5 | Received a gift from Okawaru
 69939 | Vaults:5 | Reached skill level 15 in Stealth
 70164 | Vaults:5 | Noticed Mennas
 70179 | Vaults:5 | Killed Mennas
 70807 | Vaults:5 | Got a crude brass amulet
 70895 | Vaults:5 | Bought a choko for 7 gold pieces
 70895 | Vaults:5 | Bought a choko for 7 gold pieces
 70907 | Vaults:5 | Bought an apple for 9 gold pieces
 70907 | Vaults:5 | Bought a snozzcumber for 19 gold pieces
 70920 | Vaults:5 | Bought an apple for 9 gold pieces
 70920 | Vaults:5 | Bought an apple for 9 gold pieces
 70920 | Vaults:5 | Bought an apricot for 9 gold pieces
 70920 | Vaults:5 | Bought a pear for 9 gold pieces
 70920 | Vaults:5 | Bought a pear for 9 gold pieces
 71295 | Vaults:5 | Received a gift from Okawaru
 71563 | Vaults:5 | Found Blaev's Food Shoppe.
 72353 | Lair:2   | Identified the +0 robe of the Sky {Dex+3 Int-3} (Okawaru gifted it to you on level 4 of the Vaults)
 72431 | Lair:2   | Gained mutation: You heal slowly when monsters are visible. [mutagenic glow]
 72443 | Lair:2   | Identified the -2,+0 crossbow of the New World {flame, rC++ Dex+3 SInv} (Okawaru gifted it to you on level 4 of the Snake Pit)
 72444 | Lair:2   | Identified the +1,+9 crossbow of the Lesser Evil {flame, Int+2 Stlth} (Okawaru gifted it to you on level 3 of the Vaults)
 72531 | Lair:2   | Identified the +6,+2 flail "Icsud" {flame, MR+} (You took it off a deep elf demonologist on level 3 of the Elven Halls)
 72536 | Lair:2   | Identified the +6,+8 hand axe of Friugeh {flame, +Inv rN+} (You found it in a labyrinth)
 73035 | Vaults:5 | Bought a beef jerky for 19 gold pieces
 73035 | Vaults:5 | Bought a beef jerky for 19 gold pieces
 73043 | Vaults:5 | Bought a bread ration for 61 gold pieces
 73043 | Vaults:5 | Bought a bread ration for 61 gold pieces
 73043 | Vaults:5 | Bought a bread ration for 61 gold pieces
 73190 | Vaults:2 | Bought a wand of disintegration (12) for 336 gold pieces
 73327 | Depths:1 | Entered Level 1 of the Depths
 73756 | D:15     | Identified the amulet "Janus Nedi" {Gourm rF- Stlth+} (You took it off an ironheart preserver on level 5 of the Vaults)
 73886 | Depths:1 | Reached skill level 1 in Shields
 73952 | Depths:1 | Found a gateway to Hell.
 74104 | Depths:1 | Received a gift from Okawaru
 74441 | Depths:1 | Reached skill level 5 in Shields
 75058 | Depths:2 | Got a transparent bronze ring
 75101 | Depths:2 | Found a flickering gateway to a bazaar.
 75109 | Bazaar   | Entered a bazaar
 75109 | Bazaar   | Found Cogg's Armour Shop.
 75111 | Bazaar   | Found Thimn's Jewellery Shop.
 75116 | Bazaar   | Found Imnamol's Food Emporium.
 75120 | Bazaar   | Found Bogiuh's Assorted Antiques.
 75158 | Bazaar   | Found Dismy's Assorted Antiques.
 75197 | Bazaar   | Bought a scroll of enchant weapon III for 420 gold pieces
 75203 | Bazaar   | Bought a ring of evasion for 42 gold pieces
 75209 | Bazaar   | Identified the cursed ring of Patience {Hunger- Contam SInv} (You found it on level 2 of the Depths)
 75216 | Bazaar   | Bought an apple for 7 gold pieces
 75216 | Bazaar   | Bought a choko for 6 gold pieces
 75228 | Bazaar   | Bought an uncursed amulet of resist mutation for 440 gold pieces
 75288 | Bazaar   | Gained mutation: Your vision is a little blurry. [mutagenic glow]
 75474 | Depths:2 | Got a topaz-encrusted leather armour
 75824 | Depths:2 | Reached XP level 24. HP: 163/163 MP: 34/34
 76352 | Depths:2 | Received a gift from Okawaru
 76384 | Depths:2 | Got a brightly glowing whip
 76385 | Depths:2 | Identified the +8,+6 whip "Goblinbane" {freeze, -Cast Dex+3} (You found it on level 2 of the Depths)
 76796 | Depths:2 | Reached skill level 10 in Shields
 76885 | Depths:2 | Identified the cursed -1 leather armour "Tuyts" {rF++ Int+2} (You found it on level 2 of the Depths)
 78557 | Depths:2 | Identified the Tome of Earthen Transformation (You found it on level 2 of the Depths)
 78838 | Depths:3 | Found a magical portal.
 78913 | WizLab   | Entered a wizard's laboratory
 78915 | WizLab   | Found a corrupted altar of Lugonu.
 79013 | WizLab   | Found a corrupted altar of Lugonu.
 79297 | WizLab   | Found a corrupted altar of Lugonu.
 79624 | WizLab   | Received a gift from Okawaru
 79677 | WizLab   | Got a transparent shield {god gift}
 79686 | WizLab   | Identified the -2 shield "Mikhaopt" {Str+2 Dex-4 Dam+3} (Okawaru gifted it to you in a wizard's laboratory)
 79814 | WizLab   | Got a smoking cloak
 79818 | WizLab   | Identified the +2 cloak of Courage {+Blink +Inv rN+} (You found it in a wizard's laboratory)
 79823 | WizLab   | Got a heavily runed cloak
 79827 | WizLab   | Identified the +4 cloak "Widodal" {Dex+3 Acc-1 Curse} (You found it in a wizard's laboratory)
 81137 | Lair:2   | Identified a +2 rod of ignition (14/14) (You found it on level 2 of the Depths)
 81138 | Lair:2   | Identified a +4 rod of inaccuracy (9/9) (You found it on level 3 of the Elven Halls)
 81603 | Depths:3 | Found a one-way gate to the infinite horrors of the Abyss.
 81960 | Depths:3 | Found a one-way gate leading to the halls of Pandemonium.
 82364 | Depths:3 | Upgraded the game from 0.14.0-12-g87ee3b7 to 0.14.0-15-g6b16f67
 82884 | Depths:3 | Gained mutation: When low on magic, you restore magic in place of health. [demonic ancestry]
 82884 | Depths:3 | Reached XP level 25. HP: 106/168 MP: 27/34
 82891 | Depths:3 | Got a crude ivory amulet
 82893 | Depths:3 | Got a pitted pewter ring
 82919 | Depths:3 | Received a gift from Okawaru
 83522 | Depths:4 | Received a gift from Okawaru
 83620 | Depths:4 | Reached skill level 15 in Shields
 83833 | Depths:4 | Got a transparent leather armour
 84094 | Depths:4 | Noticed Xtahua
 84133 | Depths:4 | Killed Xtahua
 84153 | Depths:4 | Noticed Dirian's ghost (mighty GrBe)
 84174 | Depths:4 | Killed Dirian's ghost
 84186 | Depths:4 | Received a gift from Okawaru
 84810 | Depths:4 | Found a corrupted altar of Lugonu.
 84862 | Depths:4 | Found a deep blue altar of Sif Muna.
 84937 | Depths:3 | Identified the cursed +2 leather armour "Nenkeocw" {MR+ SInv} (You found it on level 4 of the Depths)
 85047 | Depths:5 | Entered Level 5 of the Depths
 85136 | Depths:5 | Found a gateway to a ziggurat.
 86137 | Depths:5 | Found a gate to the Realm of Zot.
 86283 | Depths:5 | Gained mutation: A frigid envelope surrounds you and freezes all who hurt you. [demonic ancestry]
 86283 | Depths:5 | Reached XP level 26. HP: 167/181 MP: 32/35
 86299 | Depths:5 | Received a gift from Okawaru
 87122 | Crypt:1  | Entered Level 1 of the Crypt
 88654 | Crypt:2  | Found a staircase to the Tomb.
 89441 | Crypt:3  | Noticed Margery
 89461 | Crypt:3  | Killed Margery
 89804 | Crypt:3  | Reached skill level 10 in Fighting
 91603 | Crypt:4  | Received a gift from Okawaru
 92213 | Crypt:4  | Received a gift from Okawaru
 92326 | Crypt:5  | Entered Level 5 of the Crypt
 93052 | Crypt:5  | Found a burning altar of Makhleb.
 93053 | Crypt:5  | Noticed an ancient lich
 93064 | Crypt:5  | Killed an ancient lich
 93176 | Crypt:5  | Got a sparkling marble ring
 93176 | Crypt:5  | Got a vibrating turquoise ring
 93398 | Crypt:5  | Gained mutation: You are completely covered in iridescent scales (AC +8). [demonic ancestry]
 93398 | Crypt:5  | Reached XP level 27. HP: 192/192 MP: 35/35
 93450 | Crypt:5  | Received a gift from Okawaru
 94006 | Crypt:5  | Found a burning altar of Makhleb.
 95611 | Trove    | Entered a treasure trove
 95617 | Trove    | Got a twisted cloak
 95623 | Trove    | Got a pair of ancient gloves
 95633 | Trove    | Got a pair of dazzling gloves
 95644 | Trove    | Got a dazzling leather armour
 95652 | Trove    | Got a slimy scale mail
 95661 | Trove    | Identified the +2 cloak of Sin {Str-4 Int+4} (You found it in a treasure trove)
 95670 | Trove    | Identified the +0 pair of gloves of the Comet {Str-3 Int+3} (You found it in a treasure trove)
 95673 | Trove    | Identified the +2 pair of gloves "Judoe" {+Blink} (You found it in a treasure trove)
 95696 | Trove    | Identified the cursed +3 leather armour "Loomoups" {rElec} (You found it in a treasure trove)
 95714 | Trove    | Identified the +6 scale mail "Ykiomaek" {Str+3 Dex+4 Dam+3} (You found it in a treasure trove)
 95894 | Vaults:5 | Bought a meat ration for 65 gold pieces
 95894 | Vaults:5 | Bought a meat ration for 65 gold pieces
 95894 | Vaults:5 | Bought a meat ration for 65 gold pieces
 95894 | Vaults:5 | Bought a meat ration for 65 gold pieces
 95894 | Vaults:5 | Bought a meat ration for 65 gold pieces
 95903 | Vaults:5 | Bought a meat ration for 65 gold pieces
 95911 | Vaults:5 | Bought a meat ration for 70 gold pieces
 95911 | Vaults:5 | Bought a meat ration for 70 gold pieces
 96936 | Zot:1    | Entered Level 1 of the Realm of Zot
 97138 | Zot:1    | Identified the amulet of Jaereojede {Ward Int-3 Acc+4} (You took it off a spriggan defender on level 3 of the Depths)
 97317 | Zot:1    | Identified the ring "Bulu" {Regen rN+ Str+3} (You took it off a vampire on level 3 of the Depths)
 97421 | Zot:1    | Received a gift from Okawaru
 99129 | Zot:3    | Received a gift from Okawaru
 99183 | Zot:3    | Got a smoking cloak {god gift}
 99187 | Zot:3    | Identified the +1 cloak of the Trees {rF+} (Okawaru gifted it to you on level 3 of the Realm of Zot)
 99372 | Zot:3    | Identified the ring of Vooxzuos {rN+ Str+2 Int+5} (You found it on level 5 of the Crypt)
 99966 | Zot:3    | Noticed an orb of fire
100489 | Zot:3    | Reached skill level 10 in Armour
100763 | Zot:3    | Killed an orb of fire
101139 | Zot:3    | Reached skill level 10 in Invocations
101790 | Lair:2   | Upgraded the game from 0.14.0-15-g6b16f67 to 0.14.0-17-gc0b17a5
102291 | Slime:1  | Entered Level 1 of the Pits of Slime
102299 | Lair:6   | Received a gift from Okawaru
103404 | Slime:3  | Received a gift from Okawaru
105395 | Slime:6  | Entered Level 6 of the Pits of Slime
105624 | Slime:6  | Received a gift from Okawaru
106516 | Slime:6  | Found a viscous altar of Jiyva.
106516 | Slime:6  | Noticed the royal jelly
106533 | Slime:6  | Received a gift from Okawaru
106548 | Slime:6  | Killed the royal jelly
106548 | Slime:6  | Received a gift from Okawaru
106549 | Slime:6  | Got a slimy crossbow {god gift}
107463 | Slime:6  | Got a slimy rune of Zot
107517 | Slime:6  | Got a twitching tin ring
107527 | Slime:6  | Got a brightly glowing bronze amulet
107537 | Slime:6  | Identified the amulet of Payzem {Inacc rC+} (You found it on level 6 of the Pits of Slime)
107537 | Slime:6  | Identified the ring "Ysoeck" {SustAb +Rage rF+} (You found it on level 6 of the Pits of Slime)
107537 | Slime:6  | Identified the ring "Waguat" {rF++ rN+} (You found it on level 5 of the Crypt)
108199 | Slime:6  | Got a fine plate armour
108551 | Lair:2   | Identified the +0 plate armour of the Chupacabra {Acc-7 Curse} (You found it on level 6 of the Pits of Slime)
108553 | Lair:2   | Identified the +2,+4 crossbow of the Hills {penet, +Blink rC+ Stlth++} (Okawaru gifted it to you on level 6 of the Pits of Slime)
109399 | Zig:1    | Entered Level 1 of a ziggurat
109444 | Zig:2    | Entered Level 2 of a ziggurat
109479 | Zig:3    | Entered Level 3 of a ziggurat
109500 | Zig:3    | Identified Sif Muna's Grimoire of Unholy Talismans
109527 | Zig:4    | Entered Level 4 of a ziggurat
109647 | Zig:4    | Identified the Almanac of Unholy Ice
109661 | Zig:5    | Entered Level 5 of a ziggurat
109778 | Zig:6    | Entered Level 6 of a ziggurat
109918 | Zig:6    | Lost mutation: Your muscles are strong. (Str +2) [potion of cure mutation]
109918 | Zig:6    | Lost mutation: Your vision is a little blurry. [potion of cure mutation]
109918 | Zig:6    | Lost mutation: You heal slowly when monsters are visible. [potion of cure mutation]
109918 | Zig:6    | Lost mutation: You can translocate small distances at will. [potion of cure mutation]
109922 | Zig:6    | Got a steaming demon blade
109928 | Zig:7    | Entered Level 7 of a ziggurat
110090 | Zig:8    | Entered Level 8 of a ziggurat
110319 | Zig:8    | Got a twisted whip
110328 | Zig:8    | Identified the +6,+9 whip of the Hills {venom, +Blink Stlth+ Curse} (You found it on level 8 of a ziggurat)
110356 | Zig:8    | Identified the Compendium of Confrontation (You found it on level 8 of a ziggurat)
110367 | Zig:9    | Entered Level 9 of a ziggurat
110457 | Zig:9    | Received a gift from Okawaru
110631 | Zig:9    | Got a pair of twisted gloves
110645 | Zig:9    | Identified the +2 pair of gloves of True Grit {rElec rC+ Stlth++} (You found it on level 9 of a ziggurat)
110657 | Zig:9    | Got a steaming demon whip
110658 | Zig:9    | Identified the +4,+6 demon whip of Vivuat {pain, rPois rF+ rC++ rN+ Int-2} (You found it on level 9 of a ziggurat)
110670 | Zig:10   | Entered Level 10 of a ziggurat
110814 | Zig:10   | Received a gift from Okawaru
110991 | Zig:10   | Identified a +3 rod of inaccuracy (11/11) (You found it on level 2 of a ziggurat)
110992 | Zig:10   | Identified a +2 rod of ignition (12/12) (You found it on level 10 of a ziggurat)
111005 | Zig:11   | Entered Level 11 of a ziggurat
111382 | Zig:11   | Got a sparkling lapis lazuli ring
111384 | Zig:11   | Got a faintly glowing steel ring
111390 | Zig:11   | Identified the ring of Xoaklu {+Inv rC+ rN+} (You found it on level 11 of a ziggurat)
111504 | Zig:12   | Entered Level 12 of a ziggurat
111726 | Zig:12   | Received a gift from Okawaru
111921 | Zig:12   | Got a flickering lead amulet
111938 | Zig:12   | Identified the amulet of Noryssotal {rMut Dex+2 Int-5} (You found it on level 12 of a ziggurat)
111938 | Zig:12   | Identified the ring "Stoxe" {Str-3 Int+1 SInv} (You found it on level 11 of a ziggurat)
112044 | Zig:13   | Entered Level 13 of a ziggurat
112193 | Zig:13   | Received a gift from Okawaru
112416 | Zig:13   | Got a ring of the Octopus King
112449 | Zig:13   | Identified a ring of the Octopus King {SustAb AC+1 EV+1 Str+1 Dex+1 Int+1} (You found it on level 13 of a ziggurat)
112530 | Zig:14   | Entered Level 14 of a ziggurat
112570 | Zig:14   | Noticed an ancient lich
112585 | Zig:14   | Killed an ancient lich
112625 | Zig:14   | Noticed an ancient lich
112638 | Zig:14   | Killed an ancient lich
112638 | Zig:14   | Received a gift from Okawaru
112695 | Zig:14   | Received a gift from Okawaru
112790 | Zig:14   | Got a pitted lead ring
112942 | Zig:14   | Got a slimy turquoise ring
113002 | Zig:14   | Identified the ring of Xom's Whimsicality {+cTele +Rage MR+ Dex+2} (You found it on level 14 of a ziggurat)
113002 | Zig:14   | Identified the ring of Brip {Str+1 Dex+2 Int+2 Dam+7} (You found it on level 14 of a ziggurat)
113063 | Zig:15   | Entered Level 15 of a ziggurat
113288 | Zig:15   | Identified the Grimoire of Supportive Snow
113581 | Zig:15   | Identified a +4 rod of inaccuracy (12/12) (You found it on level 15 of a ziggurat)
113582 | Zig:15   | Identified a +2 rod of destruction (14/14) (You found it on level 15 of a ziggurat)
113598 | Zig:15   | Got a brightly glowing chain mail
113614 | Zig:15   | Identified the +1 chain mail "Moshroil" {+Rage rC+} (You found it on level 15 of a ziggurat)
113636 | Zig:16   | Entered Level 16 of a ziggurat
113707 | Zig:16   | Received a gift from Okawaru
114107 | Zig:16   | Identified the Catalogue of Air
114203 | Zig:17   | Entered Level 17 of a ziggurat
114333 | Zig:17   | Reached skill level 15 in Fighting
114338 | Zig:17   | Received a gift from Okawaru
114368 | Zig:17   | Got an iridescent crossbow {god gift}
114369 | Zig:17   | Identified the +7,+1 crossbow of the Grave {elec, Int-1} (Okawaru gifted it to you on level 17 of a ziggurat)
115038 | Zig:17   | Reached skill level 15 in Armour
115092 | Zig:18   | Entered Level 18 of a ziggurat
115109 | Zig:18   | Noticed nubinia's ghost (legendary DsFE)
115154 | Zig:18   | Noticed an ancient lich
115156 | Zig:19   | Entered Level 19 of a ziggurat
115346 | Zig:19   | Received a gift from Okawaru
115674 | Zig:19   | Got a brightly glowing crossbow {god gift}
115675 | Zig:19   | Identified the +10,+4 crossbow "Struheege" {flame, rN+} (Okawaru gifted it to you on level 19 of a ziggurat)
115735 | Zig:19   | Got a pitted bronze ring
115848 | Zig:19   | Identified a +4 rod of destruction (9/9) (You found it on level 19 of a ziggurat)
115868 | Zig:19   | Identified the ring "Gruxt" {rPois Str+1 Dex+2 Int-1} (You found it on level 19 of a ziggurat)
115902 | Zig:19   | Got a polished leather armour
115913 | Zig:19   | Identified the +3 leather armour of Vox Utoj {+Fly rF+ rC+ Acc-1 SInv} (You found it on level 19 of a ziggurat)
115928 | Zig:20   | Entered Level 20 of a ziggurat
116044 | Zig:20   | Noticed Duugyc the pandemonium lord
116048 | Zig:20   | Killed Duugyc the pandemonium lord
116158 | Zig:20   | Received a gift from Okawaru
116514 | Zig:20   | Got a twitching lapis lazuli ring
116549 | Zig:20   | Identified a +6 rod of striking (11/11) (You found it on level 20 of a ziggurat)
116577 | Zig:20   | Identified the ring of Zechuidd {Hunger- Str+3 Dex+2} (You found it on level 20 of a ziggurat)
116588 | Zig:21   | Entered Level 21 of a ziggurat
116775 | Zig:21   | Received a gift from Okawaru
117209 | Zig:21   | Identified The Arcane Secrets of Spellcraft
117245 | Zig:22   | Entered Level 22 of a ziggurat
117308 | Zig:22   | Gained mutation: You tend to lose your temper in combat. [a neqoxec]
117312 | Zig:22   | HP: 7/219 [mummy priest/divine providence (12)]
117313 | Zig:22   | HP: 3/219 [smoke demon/divine providence[a greater mummy] (14)]
117315 | Zig:22   | Killed from afar by a greater mummy

Action                   |  1- 3 |  4- 6 |  7- 9 | 10-12 | 13-15 | 16-18 | 19-21 | 22-24 | 25-27 || total
-------------------------+-------+-------+-------+-------+-------+-------+-------+-------+-------++-------
Melee: Short sword       |       |   123 |   164 |       |       |       |       |       |       ||   287
       Cutlass           |       |       |    47 |       |       |       |       |       |       ||    47
       Flail             |       |       |   259 |   756 |   363 |       |       |       |       ||  1378
       Crossbow          |       |       |       |       |       |     2 |       |       |     3 ||     5
       Eveningstar       |       |       |       |       |       |       |       |     2 |    54 ||    56
 Fire: Crossbow          |    48 |    88 |   217 |   678 |  1536 |  1402 |  1624 |  1818 |  4881 || 12292
Invok: Heroism           |       |       |     9 |    24 |    16 |     7 |     9 |    25 |    17 ||   107
       Finesse           |       |       |       |       |       |       |       |     3 |     1 ||     4
 Abil: Evoke Flight      |       |       |       |       |       |     2 |       |     2 |     7 ||    11
       Stop Flying       |       |       |       |       |       |     2 |       |     2 |     5 ||     9
       Blink             |       |       |       |       |       |     1 |       |       |       ||     1
Evoke: Wand              |       |       |     9 |    28 |    14 |     6 |     3 |    15 |    22 ||    97
       Box of beasts     |       |       |       |       |       |       |       |       |     2 ||     2
  Use: Scroll            |       |       |     8 |    22 |    19 |    13 |     2 |    40 |    65 ||   169
       Potion            |       |       |     1 |     2 |     4 |     4 |     4 |    18 |    45 ||    78
 Stab: Distracted        |       |       |     1 |     1 |       |       |       |       |       ||     2
       Sleeping          |       |       |       |     1 |     1 |       |       |       |       ||     2
